← All builds
Front / Armada / Economy first / OBSERVED BUILD

Standard front

Armada Front build order · Supreme Isthmus

Standard economy-first Front play: Bot Lab and Vehicle Plant up immediately, units trickle to the coast and middle, with an Advanced Metal Extractor around 9:00 as the eco transition.

#eco · 1697 distinct matches · 247 players · 74% of Armada Front games · team won 61% of 1991 · Recently observed

HOW TO PLAY IT

Key timing: T2 constructor by 7:43

  1. Open mex and wind, drop Bot Lab and Vehicle Plant almost immediately.
  2. Pump Blitz, Rocketeer and Pawn to the coast to stop leaks first.
  3. Add Centurion and Janus once first units are moving up.
  4. Form units into a line pushing toward middle as numbers grow.
  5. Upgrade to Advanced Metal Extractor as the economy transition kicks in.

Phase by phase

TYPICAL OF ITS 1697 GAMES
  1. 1
  2. 2
  3. 3
PLAY THE OPENING

Follow the example game's first 6:00 step by step: what to build now, what comes next, and where it goes. At 1× it keeps pace with your own game.

  1. 1

    Up to the Bot Lab

    Economy
    • Metal Extractor2Mex
    Order
    1. Bot LabBot Lab after 2 mex, 1 winddone ~0:44, middle half 0:33–0:55

    Some games also: wind (48%) · Vehicle Plant (35%)

    By 0:28 in all: 2 mex

    The example game in this phase · 3 steps
    1. Mex ×3
    2. Wind ×2
    3. Bot LabBot Labdone 1:00 · typical 0:44
  2. 2

    Bot Lab to 5:00

    Economy
    • Metal Extractor4Mex
    • Wind Turbine3Wind
    Builders
    • Construction Bot1 Con bot
    Army
    • Sentry1 Sentry
    • Rocketeer6 Rocketeer

    Some games also: Lazarus (49%) · tick (46%) · centurion (40%) · con vehicle (32%) · janus (32%)

    By 5:00 in all: 6 mex · 6 wind

    The example game in this phase · 34 steps
    1. CenturionCenturion
    2. Construction BotCon bot
    3. LazarusLazarus
    4. CenturionCenturion
    5. SentrySentry
    6. Mex
    7. RocketeerRocketeer ×3
    8. Mex
    9. RocketeerRocketeer ×2
    10. Mex
    11. Construction BotCon bot
    12. RocketeerRocketeer
    13. SentrySentry
    14. RocketeerRocketeer ×2
    15. SentrySentry
    16. RocketeerRocketeer
    17. SentrySentry
    18. RocketeerRocketeer
    19. SentrySentry
    20. Construction BotCon bot
    21. BeholderBeholder
    22. Wind
    23. RocketeerRocketeer
    24. Dragon's TeethDragon's Teeth
    25. BeholderBeholder
    26. RocketeerRocketeer ×2
    27. Wind
    28. RocketeerRocketeer
    29. Mex
    30. RocketeerRocketeer
    31. Construction BotCon bot
    32. Wind
    33. Mex
    34. RocketeerRocketeer
  3. 3

    5:00 to 10:00

    Economy
    • Metal Extractor1Mex
    • Wind Turbine14Wind
    Builders
    • Construction Turret2 Con turret
    Army
    • Sentry1 Sentry

    Some games also: rocketeer (46%) · energy storage (43%) · Lazarus (38%) · con bot (37%) · Radar Tower (36%)

    By 10:00 in all: 7 mex · 24 wind · 1 energy storage · 3 con turret

    The example game in this phase · 92 steps
    1. RocketeerRocketeer
    2. Wind
    3. Radar TowerRadar Tower
    4. RocketeerRocketeer ×3
    5. Wind
    6. Construction BotCon bot
    7. RocketeerRocketeer ×2
    8. Wind
    9. RocketeerRocketeer ×4
    10. Wind
    11. RocketeerRocketeer ×4
    12. Wind
    13. RocketeerRocketeer ×4
    14. Wind
    15. RocketeerRocketeer ×3
    16. Wind
    17. RocketeerRocketeer ×3
    18. Wind
    19. RocketeerRocketeer ×3
    20. PawnPawn ×2
    21. Wind
    22. PawnPawn
    23. Advanced Metal ExtractorT2 mexdone 9:29
    24. PawnPawn ×4
    25. Wind
    26. PawnPawn ×5
    27. Wind
    28. PawnPawn ×5
    29. Wind
    30. PawnPawn
    31. Advanced Metal ExtractorT2 mex
    32. PawnPawn
    33. Construction BotCon bot ×2
    34. Wind
    35. Construction BotCon bot
    36. PawnPawn
    37. Wind
    38. PawnPawn
    39. Advanced Metal ExtractorT2 mex
    40. PawnPawn ×3
    41. Wind
    42. PawnPawn ×2
    43. Wind ×3
    44. PawnPawn ×2
    45. Wind ×2
    46. PawnPawn
    47. Wind
    48. PawnPawn ×2
    49. Wind
    50. PawnPawn
    51. Wind ×2
    52. Advanced Metal ExtractorT2 mex
    53. PawnPawn ×2
    54. Wind ×3
    55. TickTick ×5
    56. Wind ×2
    57. TickTick ×4
    58. Advanced Metal ExtractorT2 mex
    59. TickTick
    60. Wind ×2
    61. TickTick ×2
    62. Wind
    63. TickTick ×4
    64. Wind ×2
    65. TickTick ×2
    66. Wind
    67. TickTick ×4
    68. Wind ×2
    69. TickTick ×2
    70. Wind
    71. TickTick
    72. ScorpionScorpion
    73. TickTick ×3
    74. Wind
    75. TickTick
    76. Wind
    77. TickTick ×2
    78. Wind
    79. Con turret
    80. TickTick ×3
    81. Wind ×2
    82. TickTick ×2
    83. Wind ×2
    84. TickTick
    85. Con turret
    86. TickTick
    87. Wind
    88. TickTick ×2
    89. Wind
    90. Con turret
    91. Wind
    92. TickTick ×2

Counts are medians over the build's games: half of them build more, half fewer. The example game is [Grump]FranzDK's (31 OS, 12/08/2026); pick another.

Team trades

IN AT LEAST 30% OF ITS GAMES

You hand over

Nothing regular.

You get

  • Tidal Generator4 Tidal from Pondfirst at 0:17 · in 68% of games
  • Advanced Construction Bot1 T2 con bot from Geo or Techfirst at 7:23 · in 64% of games

How it plays out

Typical game of this build, running totals by minute

Metal produced

010k20k30k
0:005:0010:0015:00

metal

Enemy metal destroyed

05k10k
0:005:0010:0015:00

metal

Own metal lost

05k10k
0:005:0010:0015:00

metal

1991 games.

Show as table
ByMetal produced: This buildEnemy metal destroyed: This buildOwn metal lost: This build
1:0033300
2:008402131
3:001618135108
4:002699522333
5:0038471127787
6:00503519231426
7:00625127172302
8:00753535453173
9:00897343264069
10:001053850054807
11:001237355335546
12:001452759766406
13:001685764686999
14:001922071817826
15:002185478698687
WHAT THE NUMBERS SAY

Standard Front play wins more often than Suicide front and produces more metal by 15:00 while losing less of it.

  • + Metal produced reaches 22627 by 15:00, well above Suicide front's 20142.
  • + Own metal lost is 8944 by 15:00, lower than enemy metal destroyed ratio of Suicide front.
  • − First unit lost already at 1:43, showing exposure despite the safer position.
  • − Blitz dominates army share at 25%, leaving fewer Centurion for anti-swarm.
THE EXAMPLE YOU ARE READING

[Grump]FranzDK

31.1 OS · 12/08/2026

Open source match ↗

5 received units · includes a constructor
121 metal received · 12744 energy received

Allied construction assistance is unknown. Timings are observations, not a promise of solo reproducibility.

Typical milestones

Bot Lab0:44Middle 50%: 0:33–0:55 · n=1329
Vehicle Plant0:47Middle 50%: 0:41–1:14 · n=1284
Advanced Metal Extractor9:01Middle 50%: 8:09–10:15 · n=1562

Played most by

haaven107games of this buildHummell107games of this buildLeohvm93games of this buildTheGeneraI74games of this buildXad69games of this build